 Dungeon Crawl Stone Soup version 0.30-b1-2-g02819fbbbe (webtiles) character file.

Game seed: 5580496037656965603

126 Arzdou the Slasher (level 5, -3/41 HPs)
             Began as a Merfolk Monk on May 25, 2023.
             Slain by Grinder (7 damage)
             ... on level 3 of the Dungeon.
             The game lasted 00:02:24 (1747 turns).

Arzdou the Slasher (Merfolk Monk)                   Turns: 1747, Time: 00:02:24

Health: -3/41      AC:  3    Str: 11    XL:     5   Next: 9%
Magic:  5/5        EV: 19    Int: 10    God:
Gold:   151        SH:  0    Dex: 18    Spells: 4/4 levels left

rFire   . . .        a - +0 falchion
rCold   . . .        d - orb {light}
rNeg    . . .        b - +0 robe
rPois   .            (no helmet)
rElec   .            (no cloak)
rCorr   .            (no gloves)
SInv    .            e - +0 pair of boots
Will    .....        (no amulet)
Stlth   +            i - +5 ring of evasion
HPRegen 0.26/turn    (no ring)
MPRegen 0.09/turn

%: no passive effects
@: confused, ambrosia-drunk, glowing
A: (nimble swimmer 2), mertail
a: no special abilities


You were on level 3 of the Dungeon.
You visited 1 branch of the dungeon, and saw 3 of its levels.

You collected 151 gold pieces.

Inventory:

Hand Weapons
 a - a +0 falchion (weapon)
Missiles
 q - 3 poisoned darts (quivered)
Armour
 b - a +0 robe (worn)
 d - an orb of light (worn)
 e - a +0 pair of boots (worn)
Jewellery
 i - a +5 ring of evasion (left hand)
Scrolls
 f - 2 scrolls of teleportation {unknown}
 g - 2 scrolls of enchant armour {unknown}
 h - 4 scrolls of blinking {unknown}
 m - a scroll of amnesia {unknown}
 o - a scroll of identify {unknown}
 p - a scroll of enchant weapon {unknown}
 s - a scroll of acquirement {unknown}
 t - a scroll of magic mapping {unknown}
Potions
 j - 2 potions of curing {unknown}
 k - a potion of lignification {unknown}
 l - a potion of degeneration {unknown}
 n - a potion of flight {unknown}
 r - a potion of attraction {unknown}


   Skills:
 - Level 3.2 Fighting
 + Level 6.8 Long Blades
 - Level 4.0 Dodging


You had 4 spell levels left.
You didn't know any spells.
Your spell library contained the following spells:

 Spells                   Type           Power      Damage    Failure   Level
 Freeze                   Ice            0%         1d3       36%         1
 Frozen Ramparts          Ice            0%         1d1       75%         3
 Hailstorm                Conj/Ice       0%         3d3       75%         3
 Portal Projectile        Hex/Tloc       0%         N/A       75%         3
 Tukima's Dance           Hex            0%         N/A       75%         3
 Blade Hands              Tmut           0%         N/A       100%        5


Dungeon Overview and Level Annotations

Branches:
Dungeon (3/15)

Altars:

Annotations:
D:3 Grinder


Innate Abilities, Weirdness & Mutations

((You are very nimble when in or above water. (Stealth+, EV+, Speed+++)))
Your lower body shifts to a powerful aquatic tail in water.


Message History

You hit Grinder.
Grinder is severely wounded.
Grinder hits you!
You writhe in agony.
You hit Grinder.
Grinder is almost dead.
Grinder closely misses you.
You hit Grinder.
Grinder is almost dead.
Grinder hits you.
You writhe in agony.
You hit Grinder.
Grinder is almost dead.
Grinder misses you.
You hit Grinder but do no damage.
Grinder is almost dead.
Grinder hits you.
* * * LOW HITPOINT WARNING * * *
You writhe in agony.
* * * LOW HITPOINT WARNING * * *
You aren't carrying any items that you can evoke.
You barely miss Grinder.
Grinder is almost dead.
Grinder blinks!
Grinder says, "DUCK!"
There is an escape hatch in the ceiling here.
Grinder gestures at you.
You suddenly lose the ability to move!
You stop ascending the stairs.
Grinder gestures at you. Pain shoots through your body!
* * * LOW HITPOINT WARNING * * *
You can move again.
You are confused.
You feel invigorated.
You bump into the rock wall.
Grinder hits you!
* * * LOW HITPOINT WARNING * * *
You writhe in agony.
* * * LOW HITPOINT WARNING * * *
You closely miss Grinder.
Grinder is almost dead.
Grinder hits you!
You die...

#####...#.######
...######.#....##
................#
##.##.#####5....##
.......# ####...#
####...# #...###
....†..# #.....#
..##...# #..5#.#
..##...# #..@# .#
..##.:.# ##### #
..##...# ..######
..# .†########
.........#
#........#
#........#


You could see Grinder.

Vanquished Creatures
  A gnoll (D:1)
  5 adders
  A worm (D:2)
  2 dart slugs
  5 ball pythons
  6 endoplasms
  5 giant cockroaches
  7 goblins
  5 hobgoblins
  7 jackals
  4 quokkas
  4 bats
  3 frilled lizards (D:1)
  3 kobolds
  3 rats
61 creatures vanquished.

Notes
Turn   | Place    | Note
-------+----------+-------------------------------------------
     0 | D:1      | Arzdou the Merfolk Monk began the quest for the Orb.
     0 | D:1      | Reached XP level 1. HP: 18/18 MP: 1/1
   119 | D:1      | Reached skill level 4 in Long Blades
   125 | D:1      | Reached XP level 2. HP: 24/24 MP: 2/2
   177 | D:1      | Reached XP level 3. HP: 20/29 MP: 3/3
   179 | D:1      | Reached skill level 5 in Long Blades
  1125 | D:2      | Reached XP level 4. HP: 35/35 MP: 4/4
  1187 | D:2      | Reached skill level 6 in Long Blades
  1651 | D:3      | Reached XP level 5. HP: 41/41 MP: 5/5
  1721 | D:3      | Noticed Grinder
  1742 | D:3      | Paralysed by Grinder for 3 turns
  1746 | D:3      | HP: 2/41 [Grinder (9)]
  1747 | D:3      | Slain by Grinder

Illustrated notes

Levels and vault maps discovered:
D:1:      nagdon_arrival_zigzag_paths, layout_basic, minmay_tripent
D:2:      layout_basic
D:3:      layout_basic, hellmonk_ecumenical_altar_zigzags, uniq_grinder

Skill      XL: |  1  2  3  4 |
---------------+-------------+-----
Long Blades    | 4 5 6 |  6.8
Fighting       | |  3.2
Dodging        | |  4.0

Action                     |  1- 3 |  4- 6 || total
---------------------------+-------+-------++-------
  Melee: Falchion          |    95 |    68 ||   163
    Use: Potion            |       |     1 ||     1
 Armour: Robe              |    15 |    12 ||    27
  Dodge: Dodged            |    99 |    56 ||   155
